Pick #1

Connor Bedard
Pick #2

Leo Carlsson
Pick #3

Adam Fantilli
Pick #4

Matvei Michkov
Pick #5

David Reinbacher
Pick #6

William Smith
Pick #7

Zachary Benson
Pick #8

Ryan Leonard
Pick #9

Gabriel Perreault
Pick #10

Axel Sandin-Pellika
Pick #11

Daniil But
Pick #12

Dalibor Dvorsky
Pick #13

Quentin Musty
Pick #14

Brayden Yager
Pick #15

Dmitry Simashev
Pick #16

Colby Barlow
Pick #17

Andrew Cristall
Pick #18

Easton Cowan
Pick #19

Jacob Fowler
Pick #20

Oliver Moore
Pick #21

Oliver Bonk
Pick #22

Tom Willander
Pick #23

Calum Ritchie
Pick #24

Tanner Molendyk
Pick #25

Gavin Brindley
Pick #26

Nate Danielson
Pick #27

Pick #28

Pick #29

Pick #30

Pick #31

Pick #32

Pick #33

Pick #34

Pick #35

Pick #36

Pick #37

Pick #38

Pick #39

Pick #40

Pick #41

Pick #42

Pick #43

Pick #44

Pick #45

Pick #46

Pick #47

Pick #48

Pick #49

Pick #50

Pick #51

Pick #52

Pick #53

Pick #54

Pick #55

Pick #56

Pick #57

Pick #58

Pick #59

Pick #60

Pick #61

Pick #62

Pick #63

Pick #64

Pick #65

Pick #66

Pick #67

Pick #68

Pick #69

Pick #70

Pick #71

Pick #72

Pick #73

Pick #74

Pick #75

Pick #76

Pick #77

Pick #78

Pick #79

Pick #80

Pick #81

Pick #82

Pick #83

Pick #84

Pick #85

Pick #86

Pick #87

Pick #88

Pick #89

Pick #90

Pick #91

Pick #92

Pick #93

Pick #94

Pick #95

Pick #96

Pick #97

Pick #98

Pick #99

Pick #100

Pick #101

Pick #102

Pick #103

Pick #104

Pick #105

Pick #106

Pick #107

Pick #108

Pick #109

Pick #110

Pick #111

Pick #112

Pick #113

Pick #114

Pick #115

Pick #116

Pick #117

Pick #118

Pick #119

Pick #120

Pick #121

Pick #122

Pick #123

Pick #124

Pick #125

Pick #126

Pick #127

Pick #128

Pick #129

Pick #130

Full Scoreboard »»

Lightning vs Avalanche

Created - February 17, 2024 at 22:11

Goals
1 2 3 OT1 SO T
Lightning 0 1 1 0 1 3
Avalanche 0 1 1 0 0 2
Shots
1 2 3 OT1 SO T
Lightning 7 11 18 4 3 40
Avalanche 4 11 12 0 3 27

GoalsPenalties
1st period
No Goal
Max Pacioretty (COL) for Tripping (Minor) at 3:59
Tyler Myers (COL) for Tripping (Minor) at 11:24
2nd period
1. Avalanche , Max Pacioretty 19 (Josh Norris 23) at 6:35 (PP)
2. Lightning , Jeff Skinner 20 (Patrice Bergeron 30) at 12:53
Brandon Montour (TBL) for Roughing (Minor) at 0:36
Andrew Peeke (TBL) for Tripping (Minor) at 5:37
Artem Zub (COL) for Roughing (Minor) at 16:36
3rd period
3. Avalanche , Josh Norris 15 (Michael Anderson 16) at 11:49
4. Lightning , Jeff Skinner 21 (Brandon Montour 36, John Klingberg 31) at 13:08
Dillon Dube (COL) for Interference (Minor) at 15:36
Overtime #1
No Goal
Shootout
Lightning, Patrice Bergeron - Stopped by Samuel Ersson
Avalanche, Tim Stutzle - Stopped by Jacob Markstrom
Lightning, Jeff Skinner - Goal!
Avalanche, Vladimir Tarasenko - Stopped by Jacob Markstrom
Lightning, Brock Nelson - Stopped by Samuel Ersson
Avalanche, Max Pacioretty - Stopped by Jacob Markstrom
Goalie Stats
Jacob Markstrom (TBL), 25 saves from 27 shots - (0.926), W, 27-15-5, 65:00 minutes
Samuel Ersson (COL), 38 saves from 40 shots - (0.950), OTL, 0-0-1, 65:00 minutes
3 StarsOfficial
1 - Jeff Skinner (TBL)
2 - Samuel Ersson (COL)
3 - Josh Norris (COL)
Referees : Jake Brenk and Kendrick Nicholson
Linesman : Ryan Galloway and Scott Driscoll
Game Note
Mikko Rantanen is injured at 13:40 of 2nd period (Right Hip)
Finance
Level 1 -- Attendance: 5957 (91.65%) -- Ticket Income $607,614
Level 2 -- Attendance: 5000 (100.00%) -- Ticket Income $375,000
Level 3 -- Attendance: 3204 (91.54%) -- Ticket Income $176,220
Level 4 -- Attendance: 2007 (100.00%) -- Ticket Income $90,315
Luxury Box -- Attendance: 1000 (100.00%) -- Ticket Income $200,000
Game was played at the Pepsi Center.
Total Attendance: 17168 (95.34%)
Total Ticket Income: $1,449,149
Other Income: $362,287
Total Income: $1,811,436



Team Name Goals Shots Shots Attemp Shots Blocked PIM HIT PP PK FO%
Lightning 3408394190 / 4 (0%)147%
Avalanche 22754148141 / 2 (50%)053%

Lightning
Player Name POS G A P +/- PIM HIT SHT SB MP PP MP PP SHT PK MP PK SHT FO% FOT
Alex KillornLW0000034022:254:0800:00033% 3
Andrew PeekeD0001211113:220:0000:0000% 0
Barclay GoodrowC000-100507:430:0000:3200% 1
Ben ChiarotD000-1011021:173:4901:3400% 0
Brandon MontourD0111240126:054:0700:2200% 0
Brock NelsonC0000005122:254:0800:00056% 27
Dawson MercerC000002108:500:0000:320100% 1
Jeff SkinnerLW2022017024:093:4810:0000% 1
John KlingbergD0111013128:334:0701:2300% 0
Kaiden GuhleD0001000214:240:0001:0100% 0
Kevin ShattenkirkD000-1000221:173:4901:3400% 0
Patrice BergeronC0112015024:093:4800:00044% 32
Pierre EngvallLW000000308:180:0000:0000% 1
Ryan StromeC000000108:180:0000:00045% 11
Teddy BluegerC000-100209:360:0002:25050% 12
Trevor MooreLW000-100209:360:0002:2500% 2
Tyler ToffoliRW0002040021:293:4800:0000% 0
William KarlssonC0000010120:054:0800:000100% 1
Avalanche
Player Name POS G A P +/- PIM HIT SHT SB MP PP MP PP SHT PK MP PK SHT FO% FOT
Adam HenriqueC000-1005019:361:5902:46055% 33
Artem ZubD000-1210220:230:5802:0900% 0
Blake WheelerRW0000011013:330:0000:000100% 2
Colton ParaykoD0000012324:181:5914:0700% 0
Dillon DubeC0000211011:500:0001:5800% 1
Eeli TolvanenRW000000003:140:0000:0000% 0
Jonathan ToewsC0000011117:290:0000:00056% 16
Josh NorrisC1120013114:310:5800:00067% 18
Max PaciorettyLW101-1233018:100:5830:00040% 5
Michael AndersonD0110021220:050:0003:4900% 0
Mikko RantanenRW000-1002012:101:5912:2200% 0
Nick BlankenburgD0000000016:211:5901:3400% 0
Ross ColtonC000000007:390:0004:25033% 6
Tim StutzleLW0000010123:131:5901:07033% 6
Travis SanheimD0000020326:350:5804:1300% 0
Troy TerryRW0000002119:320:0003:14033% 3
Tyler MyersD000-1200017:160:0000:0000% 0
Vladimir TarasenkoRW0000006021:050:5800:00050% 2



Play-by-Play

1st period


0:01 of 1st period - Patrice Bergeron wins face-off versus Jonathan Toews in neutral zone.
0:10 of 1st period - Off-side.
0:11 of 1st period - Adam Henrique wins face-off versus Brock Nelson in neutral zone.
0:16 of 1st period - Shot by Artem Zub.
0:16 of 1st period - Shot Blocked by Kevin Shattenkirk.
1:01 of 1st period - Alex Killorn is hit by Max Pacioretty and loses puck.
1:48 of 1st period - Shot by Patrice Bergeron.
1:48 of 1st period - Shot Misses the Net.
2:10 of 1st period - Shot by Pierre Engvall.
2:10 of 1st period - Stopped by Samuel Ersson with a rebound.
2:22 of 1st period - Shot by Pierre Engvall.
2:22 of 1st period - Stopped by Samuel Ersson without a rebound.
2:23 of 1st period - Teddy Blueger wins face-off versus Jonathan Toews in Avalanche zone.
2:25 of 1st period - Barclay Goodrow is hit by Michael Anderson and loses puck.
3:01 of 1st period - Shot by Barclay Goodrow.
3:01 of 1st period - Stopped by Samuel Ersson without a rebound.
3:02 of 1st period - Patrice Bergeron wins face-off versus Ross Colton in Avalanche zone.
3:45 of 1st period - Tyler Myers is hit by Patrice Bergeron and loses puck.
3:59 of 1st period - Minor Penalty to Max Pacioretty for Tripping.
4:00 of 1st period - Troy Terry wins face-off versus Alex Killorn in Avalanche zone.
5:16 of 1st period - Shot by Jeff Skinner.
5:16 of 1st period - Shot Misses the Net.
6:11 of 1st period - Shot by Vladimir Tarasenko.
6:11 of 1st period - Stopped by Jacob Markstrom with a rebound.
6:27 of 1st period - Shot by Vladimir Tarasenko.
6:27 of 1st period - Stopped by Jacob Markstrom without a rebound.
6:28 of 1st period - Blake Wheeler wins face-off versus Teddy Blueger in Lightning zone.
7:10 of 1st period - Nick Blankenburg is hit by Brandon Montour and loses puck.
7:37 of 1st period - Shot by Vladimir Tarasenko.
7:37 of 1st period - Stopped by Jacob Markstrom without a rebound.
7:38 of 1st period - Adam Henrique wins face-off versus Brock Nelson in Lightning zone.
7:43 of 1st period - Shot by Mikko Rantanen.
7:43 of 1st period - Stopped by Jacob Markstrom with a rebound.
8:37 of 1st period - Off-side.
8:38 of 1st period - Josh Norris wins face-off versus Patrice Bergeron in neutral zone.
8:45 of 1st period - Shot by Troy Terry.
8:45 of 1st period - Shot Blocked by Kaiden Guhle.
9:07 of 1st period - Icing by Josh Norris.
9:08 of 1st period - Ryan Strome wins face-off versus Josh Norris in Avalanche zone.
9:11 of 1st period - Shot by Pierre Engvall.
9:11 of 1st period - Stopped by Samuel Ersson without a rebound.
9:12 of 1st period - Jonathan Toews wins face-off versus Ryan Strome in Avalanche zone.
10:45 of 1st period - Shot by Jeff Skinner.
10:45 of 1st period - Stopped by Samuel Ersson without a rebound.
10:46 of 1st period - Alex Killorn wins face-off versus Adam Henrique in Avalanche zone.
10:46 of 1st period - Alex Killorn is hit by Michael Anderson.
11:13 of 1st period - Brock Nelson is hit by Travis Sanheim.
11:19 of 1st period - Shot by Alex Killorn.
11:19 of 1st period - Stopped by Samuel Ersson without a rebound.
11:20 of 1st period - Ryan Strome wins face-off versus Troy Terry in Avalanche zone.
11:20 of 1st period - John Klingberg is hit by Artem Zub and loses puck.
11:23 of 1st period - Shot by Dawson Mercer.
11:23 of 1st period - Shot Blocked by Artem Zub.
11:24 of 1st period - Minor Penalty to Tyler Myers for Tripping.
11:25 of 1st period - Patrice Bergeron wins face-off versus Ross Colton in Avalanche zone.
11:49 of 1st period - Brandon Montour is hit by Travis Sanheim.
12:00 of 1st period - Shot by Tyler Toffoli.
12:00 of 1st period - Shot Misses the Net.
12:30 of 1st period - Shot by Dillon Dube.
12:30 of 1st period - Shot Misses the Net.
13:38 of 1st period - Shot by Ryan Strome.
13:38 of 1st period - Shot Misses the Net.
15:18 of 1st period - Jonathan Toews is hit by Brandon Montour and loses puck.
15:21 of 1st period - Shot by Tim Stutzle.
15:21 of 1st period - Shot Blocked by Brandon Montour.
15:23 of 1st period - Shot by Jonathan Toews.
15:23 of 1st period - Shot Blocked by William Karlsson.
15:25 of 1st period - Shot by Michael Anderson.
15:25 of 1st period - Deflect By Tim Stutzle.
15:25 of 1st period - Shot Hit the Post.
15:51 of 1st period - William Karlsson is hit by Tim Stutzle.
17:53 of 1st period - Icing by Colton Parayko.
17:54 of 1st period - Teddy Blueger wins face-off versus Adam Henrique in Avalanche zone.
19:08 of 1st period - Shot by Patrice Bergeron.
19:08 of 1st period - Stopped by Samuel Ersson with a rebound.
19:12 of 1st period - Shot by Tyler Toffoli.
19:12 of 1st period - Shot Hit the Post.
Goals for this period are 0 for Lightning vs 0 for Avalanche.
Shots for this period are 7 for Lightning vs 4 for Avalanche.

2nd period


0:01 of 2nd period - Jonathan Toews wins face-off versus Patrice Bergeron in neutral zone.
0:06 of 2nd period - Shot by Vladimir Tarasenko.
0:06 of 2nd period - Shot Misses the Net.
0:19 of 2nd period - Vladimir Tarasenko is hit by Brandon Montour and loses puck.
0:35 of 2nd period - Shot by Vladimir Tarasenko.
0:35 of 2nd period - Shot Misses the Net.
0:36 of 2nd period - Minor Penalty to Brandon Montour for Roughing.
0:37 of 2nd period - Adam Henrique wins face-off versus Teddy Blueger in Lightning zone.
0:48 of 2nd period - Shot by Mikko Rantanen.
0:48 of 2nd period - Stopped by Jacob Markstrom with a rebound.
0:50 of 2nd period - Shot by Adam Henrique.
0:50 of 2nd period - Shot Misses the Net.
0:52 of 2nd period - Shot by Colton Parayko.
0:52 of 2nd period - Stopped by Jacob Markstrom without a rebound.
0:53 of 2nd period - Teddy Blueger wins face-off versus Josh Norris in Lightning zone.
1:16 of 2nd period - Shot by Max Pacioretty.
1:16 of 2nd period - Stopped by Jacob Markstrom without a rebound.
1:17 of 2nd period - Teddy Blueger wins face-off versus Adam Henrique in Lightning zone.
1:25 of 2nd period - Off-side.
1:26 of 2nd period - Teddy Blueger wins face-off versus Adam Henrique in neutral zone.
2:56 of 2nd period - Shot by Michael Anderson.
2:56 of 2nd period - Shot Misses the Net.
3:22 of 2nd period - Icing by Kevin Shattenkirk.
3:23 of 2nd period - Brock Nelson wins face-off versus Troy Terry in Lightning zone.
3:36 of 2nd period - Shot by Josh Norris.
3:36 of 2nd period - Shot Blocked by Kevin Shattenkirk.
3:38 of 2nd period - Shot by Troy Terry.
3:38 of 2nd period - Stopped by Jacob Markstrom without a rebound.
3:39 of 2nd period - Adam Henrique wins face-off versus Patrice Bergeron in Lightning zone.
5:04 of 2nd period - Off-side.
5:05 of 2nd period - Brock Nelson wins face-off versus Josh Norris in neutral zone.
5:37 of 2nd period - Minor Penalty to Andrew Peeke for Tripping.
5:38 of 2nd period - Adam Henrique wins face-off versus Teddy Blueger in Lightning zone.
6:31 of 2nd period - Shot by Max Pacioretty.
6:31 of 2nd period - Stopped by Jacob Markstrom without a rebound.
6:32 of 2nd period - Josh Norris wins face-off versus Barclay Goodrow in Lightning zone.
6:35 of 2nd period - Shot by Max Pacioretty.
6:35 of 2nd period - Goal by Max Pacioretty - Lightning : 0 - Avalanche : 1.
6:36 of 2nd period - Blake Wheeler wins face-off versus Patrice Bergeron in neutral zone.
6:39 of 2nd period - Shot by Troy Terry.
6:39 of 2nd period - Stopped by Jacob Markstrom with a rebound.
7:01 of 2nd period - Shot by Blake Wheeler.
7:01 of 2nd period - Deflect By Josh Norris.
7:01 of 2nd period - Shot Misses the Net.
7:32 of 2nd period - Icing by Blake Wheeler.
7:33 of 2nd period - Josh Norris wins face-off versus Brock Nelson in Avalanche zone.
7:33 of 2nd period - Travis Sanheim is hit by William Karlsson and loses puck.
7:58 of 2nd period - Shot by Alex Killorn.
7:58 of 2nd period - Stopped by Samuel Ersson without a rebound.
7:59 of 2nd period - Vladimir Tarasenko wins face-off versus Ryan Strome in Avalanche zone.
8:06 of 2nd period - Shot by Jonathan Toews.
8:06 of 2nd period - Shot Misses the Net.
8:55 of 2nd period - Off-side.
8:56 of 2nd period - Brock Nelson wins face-off versus Adam Henrique in neutral zone.
10:43 of 2nd period - Vladimir Tarasenko is hit by Andrew Peeke and loses puck.
11:12 of 2nd period - Shot by Trevor Moore.
11:12 of 2nd period - Shot Misses the Net.
11:14 of 2nd period - Shot by Ben Chiarot.
11:14 of 2nd period - Stopped by Samuel Ersson with a rebound.
11:16 of 2nd period - Shot by Barclay Goodrow.
11:16 of 2nd period - Stopped by Samuel Ersson with a rebound.
11:18 of 2nd period - Shot by Barclay Goodrow.
11:18 of 2nd period - Deflect By Teddy Blueger.
11:18 of 2nd period - Stopped by Samuel Ersson without a rebound.
11:19 of 2nd period - Adam Henrique wins face-off versus Ryan Strome in Avalanche zone.
11:24 of 2nd period - Shot by Mikko Rantanen.
11:24 of 2nd period - Deflect By Max Pacioretty.
11:24 of 2nd period - Shot Misses the Net.
11:37 of 2nd period - Icing by Ben Chiarot.
11:38 of 2nd period - Ryan Strome wins face-off versus Josh Norris in Lightning zone.
12:06 of 2nd period - Shot by Ryan Strome.
12:06 of 2nd period - Stopped by Samuel Ersson with a rebound.
12:08 of 2nd period - Shot by Pierre Engvall.
12:08 of 2nd period - Shot Blocked by Travis Sanheim.
12:10 of 2nd period - Shot by Dawson Mercer.
12:10 of 2nd period - Shot Misses the Net.
12:24 of 2nd period - John Klingberg is hit by Blake Wheeler and loses puck.
12:47 of 2nd period - Shot by Brock Nelson.
12:47 of 2nd period - Deflect By William Karlsson.
12:47 of 2nd period - Shot Misses the Net.
12:49 of 2nd period - Shot by William Karlsson.
12:49 of 2nd period - Deflect By Brock Nelson.
12:49 of 2nd period - Stopped by Samuel Ersson with a rebound.
12:51 of 2nd period - Shot by John Klingberg.
12:51 of 2nd period - Stopped by Samuel Ersson without a rebound.
12:52 of 2nd period - Patrice Bergeron wins face-off versus Adam Henrique in Avalanche zone.
12:53 of 2nd period - Shot by Jeff Skinner.
12:53 of 2nd period - Goal by Jeff Skinner - Lightning : 1 - Avalanche : 1.
12:54 of 2nd period - Patrice Bergeron wins face-off versus Adam Henrique in neutral zone.
13:02 of 2nd period - Shot by Mikko Rantanen.
13:02 of 2nd period - Shot Blocked by Kaiden Guhle.
13:04 of 2nd period - Shot by Tyler Myers.
13:04 of 2nd period - Shot Blocked by Andrew Peeke.
13:16 of 2nd period - Shot by Adam Henrique.
13:16 of 2nd period - Stopped by Jacob Markstrom without a rebound.
13:17 of 2nd period - Jonathan Toews wins face-off versus Brock Nelson in Lightning zone.
13:27 of 2nd period - Icing by Brandon Montour.
13:28 of 2nd period - Brock Nelson wins face-off versus Adam Henrique in Lightning zone.
13:38 of 2nd period - Icing by Artem Zub.
13:39 of 2nd period - Adam Henrique wins face-off versus Patrice Bergeron in Avalanche zone.
13:39 of 2nd period - Mikko Rantanen is hit by Tyler Toffoli and loses puck.
13:40 of 2nd period - Mikko Rantanen from Avalanche is injured at 13:40 of 2nd period (Right Hip).
13:41 of 2nd period - Jonathan Toews wins face-off versus Patrice Bergeron in Avalanche zone.
13:45 of 2nd period - Off-side.
13:46 of 2nd period - Jonathan Toews wins face-off versus Patrice Bergeron in neutral zone.
13:57 of 2nd period - Shot by Tim Stutzle.
13:57 of 2nd period - Shot Misses the Net.
13:59 of 2nd period - Shot by Colton Parayko.
13:59 of 2nd period - Stopped by Jacob Markstrom without a rebound.
14:00 of 2nd period - Brock Nelson wins face-off versus Adam Henrique in Lightning zone.
14:00 of 2nd period - Brock Nelson is hit by Max Pacioretty.
14:08 of 2nd period - Shot by Alex Killorn.
14:08 of 2nd period - Shot Misses the Net.
14:20 of 2nd period - Shot by Max Pacioretty.
14:20 of 2nd period - Deflect By Adam Henrique.
14:20 of 2nd period - Shot Blocked by Brock Nelson.
14:22 of 2nd period - Shot by Dillon Dube.
14:22 of 2nd period - Stopped by Jacob Markstrom without a rebound.
14:23 of 2nd period - Jonathan Toews wins face-off versus Patrice Bergeron in Lightning zone.
14:23 of 2nd period - Jonathan Toews is hit by Brandon Montour.
14:49 of 2nd period - Shot by Jeff Skinner.
14:49 of 2nd period - Shot Blocked by Travis Sanheim.
14:51 of 2nd period - Shot by Patrice Bergeron.
14:51 of 2nd period - Shot Blocked by Colton Parayko.
15:01 of 2nd period - Shot by Tyler Toffoli.
15:01 of 2nd period - Shot Misses the Net.
15:03 of 2nd period - Shot by Patrice Bergeron.
15:03 of 2nd period - Shot Blocked by Tim Stutzle.
15:05 of 2nd period - Shot by Jeff Skinner.
15:05 of 2nd period - Shot Blocked by Colton Parayko.
15:07 of 2nd period - Shot by Patrice Bergeron.
15:07 of 2nd period - Shot Misses the Net.
15:43 of 2nd period - Shot by Alex Killorn.
15:43 of 2nd period - Stopped by Samuel Ersson without a rebound.
15:44 of 2nd period - Adam Henrique wins face-off versus Trevor Moore in Avalanche zone.
16:07 of 2nd period - Shot by Trevor Moore.
16:07 of 2nd period - Stopped by Samuel Ersson without a rebound.
16:08 of 2nd period - Josh Norris wins face-off versus Pierre Engvall in Avalanche zone.
16:36 of 2nd period - Minor Penalty to Artem Zub for Roughing.
16:37 of 2nd period - Ross Colton wins face-off versus Jeff Skinner in Avalanche zone.
17:44 of 2nd period - Michael Anderson is hit by Alex Killorn and loses puck.
19:02 of 2nd period - Shot by Barclay Goodrow.
19:02 of 2nd period - Stopped by Samuel Ersson without a rebound.
19:03 of 2nd period - Ryan Strome wins face-off versus Adam Henrique in Avalanche zone.
19:37 of 2nd period - Icing by John Klingberg.
19:38 of 2nd period - Josh Norris wins face-off versus Ryan Strome in Lightning zone.
19:39 of 2nd period - Shot by Artem Zub.
19:39 of 2nd period - Deflect By Blake Wheeler.
19:39 of 2nd period - Stopped by Jacob Markstrom without a rebound.
19:40 of 2nd period - Patrice Bergeron wins face-off versus Josh Norris in Lightning zone.
19:56 of 2nd period - Off-side.
19:57 of 2nd period - Adam Henrique wins face-off versus Brock Nelson in neutral zone.
Goals for this period are 1 for Lightning vs 1 for Avalanche.
Shots for this period are 11 for Lightning vs 11 for Avalanche.

3rd period


0:01 of 3rd period - Adam Henrique wins face-off versus Patrice Bergeron in neutral zone.
0:01 of 3rd period - Adam Henrique is hit by Tyler Toffoli.
0:18 of 3rd period - Shot by Max Pacioretty.
0:18 of 3rd period - Shot Misses the Net.
0:20 of 3rd period - Shot by Michael Anderson.
0:20 of 3rd period - Stopped by Jacob Markstrom with a rebound.
0:22 of 3rd period - Shot by Travis Sanheim.
0:22 of 3rd period - Shot Misses the Net.
0:24 of 3rd period - Shot by Dillon Dube.
0:24 of 3rd period - Deflect By Max Pacioretty.
0:24 of 3rd period - Shot Misses the Net.
0:34 of 3rd period - Shot by Adam Henrique.
0:34 of 3rd period - Stopped by Jacob Markstrom without a rebound.
0:35 of 3rd period - Brock Nelson wins face-off versus Jonathan Toews in Lightning zone.
0:48 of 3rd period - Shot by Vladimir Tarasenko.
0:48 of 3rd period - Stopped by Jacob Markstrom without a rebound.
0:49 of 3rd period - Josh Norris wins face-off versus Trevor Moore in Lightning zone.
0:50 of 3rd period - Shot by Blake Wheeler.
0:50 of 3rd period - Shot Misses the Net.
1:10 of 3rd period - Andrew Peeke is hit by Josh Norris and loses puck.
3:35 of 3rd period - Shot by Teddy Blueger.
3:35 of 3rd period - Shot Blocked by Colton Parayko.
3:37 of 3rd period - Shot by Kaiden Guhle.
3:37 of 3rd period - Shot Misses the Net.
3:39 of 3rd period - Shot by Trevor Moore.
3:39 of 3rd period - Stopped by Samuel Ersson without a rebound.
3:40 of 3rd period - Ross Colton wins face-off versus Ryan Strome in Avalanche zone.
3:40 of 3rd period - Ross Colton is hit by Dawson Mercer.
3:54 of 3rd period - Eeli Tolvanen is hit by Dawson Mercer and loses puck.
4:23 of 3rd period - Icing by Andrew Peeke.
4:24 of 3rd period - Adam Henrique wins face-off versus Ryan Strome in Lightning zone.
4:46 of 3rd period - Off-side.
4:47 of 3rd period - Josh Norris wins face-off versus Patrice Bergeron in neutral zone.
5:00 of 3rd period - Shot by Jeff Skinner.
5:00 of 3rd period - Shot Misses the Net.
5:02 of 3rd period - Shot by Patrice Bergeron.
5:02 of 3rd period - Stopped by Samuel Ersson without a rebound.
5:03 of 3rd period - Adam Henrique wins face-off versus Brock Nelson in Avalanche zone.
5:05 of 3rd period - Icing by Tyler Myers.
5:06 of 3rd period - Adam Henrique wins face-off versus Brock Nelson in Avalanche zone.
5:15 of 3rd period - Adam Henrique is hit by Alex Killorn and loses puck.
5:44 of 3rd period - Shot by William Karlsson.
5:44 of 3rd period - Shot Misses the Net.
5:46 of 3rd period - Shot by John Klingberg.
5:46 of 3rd period - Stopped by Samuel Ersson without a rebound.
5:47 of 3rd period - Jonathan Toews wins face-off versus Patrice Bergeron in Avalanche zone.
5:47 of 3rd period - Jonathan Toews is hit by Tyler Toffoli.
5:55 of 3rd period - Shot by Vladimir Tarasenko.
5:55 of 3rd period - Stopped by Jacob Markstrom without a rebound.
5:56 of 3rd period - Tim Stutzle wins face-off versus Patrice Bergeron in Lightning zone.
6:00 of 3rd period - Tim Stutzle is hit by Ben Chiarot and loses puck.
6:09 of 3rd period - Shot by Vladimir Tarasenko.
6:09 of 3rd period - Deflect By Jonathan Toews.
6:09 of 3rd period - Shot Misses the Net.
6:11 of 3rd period - Shot by Vladimir Tarasenko.
6:11 of 3rd period - Stopped by Jacob Markstrom with a rebound.
6:13 of 3rd period - Shot by Jonathan Toews.
6:13 of 3rd period - Stopped by Jacob Markstrom without a rebound.
6:14 of 3rd period - Adam Henrique wins face-off versus Alex Killorn in Lightning zone.
6:23 of 3rd period - Shot by Max Pacioretty.
6:23 of 3rd period - Shot Blocked by John Klingberg.
6:25 of 3rd period - Shot by Dillon Dube.
6:25 of 3rd period - Shot Misses the Net.
6:27 of 3rd period - Shot by Adam Henrique.
6:27 of 3rd period - Stopped by Jacob Markstrom without a rebound.
6:28 of 3rd period - Josh Norris wins face-off versus Patrice Bergeron in Lightning zone.
6:29 of 3rd period - Shot by Michael Anderson.
6:29 of 3rd period - Shot Misses the Net.
6:48 of 3rd period - Travis Sanheim is hit by Jeff Skinner and loses puck.
6:55 of 3rd period - Shot by Jeff Skinner.
6:55 of 3rd period - Stopped by Samuel Ersson without a rebound.
6:56 of 3rd period - Adam Henrique wins face-off versus Brock Nelson in Avalanche zone.
7:01 of 3rd period - Shot by John Klingberg.
7:01 of 3rd period - Stopped by Samuel Ersson without a rebound.
7:02 of 3rd period - William Karlsson wins face-off versus Jonathan Toews in Avalanche zone.
7:20 of 3rd period - Tim Stutzle is hit by John Klingberg and loses puck.
7:32 of 3rd period - Icing by John Klingberg.
7:33 of 3rd period - Adam Henrique wins face-off versus Brock Nelson in Lightning zone.
7:38 of 3rd period - Shot by Adam Henrique.
7:38 of 3rd period - Stopped by Jacob Markstrom without a rebound.
7:39 of 3rd period - Patrice Bergeron wins face-off versus Adam Henrique in Lightning zone.
7:41 of 3rd period - Icing by Kevin Shattenkirk.
7:42 of 3rd period - Patrice Bergeron wins face-off versus Adam Henrique in Lightning zone.
7:42 of 3rd period - Patrice Bergeron is hit by Max Pacioretty.
7:57 of 3rd period - Shot by Adam Henrique.
7:57 of 3rd period - Stopped by Jacob Markstrom without a rebound.
7:58 of 3rd period - Josh Norris wins face-off versus Brock Nelson in Lightning zone.
8:28 of 3rd period - Shot by Josh Norris.
8:28 of 3rd period - Stopped by Jacob Markstrom without a rebound.
8:29 of 3rd period - Patrice Bergeron wins face-off versus Jonathan Toews in Lightning zone.
9:45 of 3rd period - Shot by Brock Nelson.
9:45 of 3rd period - Stopped by Samuel Ersson without a rebound.
9:46 of 3rd period - Adam Henrique wins face-off versus Teddy Blueger in Avalanche zone.
9:48 of 3rd period - Icing by Colton Parayko.
9:49 of 3rd period - Teddy Blueger wins face-off versus Dillon Dube in Avalanche zone.
10:01 of 3rd period - Shot by Teddy Blueger.
10:01 of 3rd period - Stopped by Samuel Ersson with a rebound.
10:03 of 3rd period - Shot by Kaiden Guhle.
10:03 of 3rd period - Shot Misses the Net.
10:05 of 3rd period - Shot by Teddy Blueger.
10:05 of 3rd period - Shot Misses the Net.
10:07 of 3rd period - Shot by Barclay Goodrow.
10:07 of 3rd period - Stopped by Samuel Ersson with a rebound.
10:12 of 3rd period - Icing by Colton Parayko.
10:13 of 3rd period - Patrice Bergeron wins face-off versus Adam Henrique in Avalanche zone.
10:40 of 3rd period - Shot by Jeff Skinner.
10:40 of 3rd period - Shot Misses the Net.
10:42 of 3rd period - Shot by Patrice Bergeron.
10:42 of 3rd period - Shot Misses the Net.
11:10 of 3rd period - Shot by Alex Killorn.
11:10 of 3rd period - Stopped by Samuel Ersson without a rebound.
11:11 of 3rd period - Josh Norris wins face-off versus Teddy Blueger in Avalanche zone.
11:49 of 3rd period - Shot by Josh Norris.
11:49 of 3rd period - Goal by Josh Norris - Lightning : 1 - Avalanche : 2.
11:50 of 3rd period - Brock Nelson wins face-off versus Jonathan Toews in neutral zone.
11:50 of 3rd period - Brock Nelson is hit by Jonathan Toews.
12:22 of 3rd period - Shot by Brock Nelson.
12:22 of 3rd period - Shot Misses the Net.
12:24 of 3rd period - Shot by William Karlsson.
12:24 of 3rd period - Shot Blocked by Jonathan Toews.
12:26 of 3rd period - Shot by Alex Killorn.
12:26 of 3rd period - Deflect By Brock Nelson.
12:26 of 3rd period - Stopped by Samuel Ersson without a rebound.
12:27 of 3rd period - Josh Norris wins face-off versus Patrice Bergeron in Avalanche zone.
12:32 of 3rd period - Shot by Josh Norris.
12:32 of 3rd period - Stopped by Jacob Markstrom without a rebound.
12:33 of 3rd period - Josh Norris wins face-off versus Patrice Bergeron in Lightning zone.
12:54 of 3rd period - Shot by Patrice Bergeron.
12:54 of 3rd period - Stopped by Samuel Ersson with a rebound.
12:56 of 3rd period - Shot by Patrice Bergeron.
12:56 of 3rd period - Shot Blocked by Josh Norris.
13:06 of 3rd period - Shot by Jeff Skinner.
13:06 of 3rd period - Shot Blocked by Michael Anderson.
13:08 of 3rd period - Shot by Jeff Skinner.
13:08 of 3rd period - Goal by Jeff Skinner - Lightning : 2 - Avalanche : 2.
13:09 of 3rd period - Brock Nelson wins face-off versus Adam Henrique in neutral zone.
13:40 of 3rd period - Adam Henrique is hit by Alex Killorn and loses puck.
13:47 of 3rd period - Brock Nelson is hit by Dillon Dube and loses puck.
14:00 of 3rd period - Icing by Ben Chiarot.
14:01 of 3rd period - Jonathan Toews wins face-off versus Brock Nelson in Lightning zone.
14:40 of 3rd period - Shot by Jeff Skinner.
14:40 of 3rd period - Shot Blocked by Michael Anderson.
14:42 of 3rd period - Shot by Jeff Skinner.
14:42 of 3rd period - Stopped by Samuel Ersson without a rebound.
14:43 of 3rd period - Dawson Mercer wins face-off versus Josh Norris in Avalanche zone.
14:55 of 3rd period - Ryan Strome is hit by Colton Parayko and loses puck.
15:22 of 3rd period - Shot by Ryan Strome.
15:22 of 3rd period - Shot Misses the Net.
15:24 of 3rd period - Shot by Andrew Peeke.
15:24 of 3rd period - Stopped by Samuel Ersson without a rebound.
15:25 of 3rd period - Adam Henrique wins face-off versus Patrice Bergeron in Avalanche zone.
15:36 of 3rd period - Minor Penalty to Dillon Dube for Interference.
15:37 of 3rd period - Brock Nelson wins face-off versus Ross Colton in Avalanche zone.
15:49 of 3rd period - Icing by John Klingberg.
15:50 of 3rd period - Brock Nelson wins face-off versus Ross Colton in Lightning zone.
16:37 of 3rd period - Icing by John Klingberg.
16:38 of 3rd period - Brock Nelson wins face-off versus Adam Henrique in Lightning zone.
17:25 of 3rd period - Shot by Patrice Bergeron.
17:25 of 3rd period - Deflect By Jeff Skinner.
17:25 of 3rd period - Shot Hit the Post.
17:27 of 3rd period - Shot by Tyler Toffoli.
17:27 of 3rd period - Deflect By Jeff Skinner.
17:27 of 3rd period - Stopped by Samuel Ersson with a rebound.
17:50 of 3rd period - Shot by Barclay Goodrow.
17:50 of 3rd period - Stopped by Samuel Ersson without a rebound.
17:51 of 3rd period - Ryan Strome wins face-off versus Jonathan Toews in Avalanche zone.
17:54 of 3rd period - Shot by Dawson Mercer.
17:54 of 3rd period - Stopped by Samuel Ersson without a rebound.
17:55 of 3rd period - Brock Nelson wins face-off versus Vladimir Tarasenko in Avalanche zone.
18:24 of 3rd period - Shot by William Karlsson.
18:24 of 3rd period - Deflect By Brock Nelson.
18:24 of 3rd period - Stopped by Samuel Ersson with a rebound.
18:52 of 3rd period - Shot by Patrice Bergeron.
18:52 of 3rd period - Shot Blocked by Artem Zub.
19:10 of 3rd period - Artem Zub is hit by Tyler Toffoli and loses puck.
19:19 of 3rd period - Shot by Jeff Skinner.
19:19 of 3rd period - Deflect By Tyler Toffoli.
19:19 of 3rd period - Shot Misses the Net.
19:37 of 3rd period - Icing by Tyler Myers.
19:38 of 3rd period - Jonathan Toews wins face-off versus Teddy Blueger in Avalanche zone.
Goals for this period are 1 for Lightning vs 1 for Avalanche.
Shots for this period are 18 for Lightning vs 12 for Avalanche.

Overtime #1


0:01 of 1st overtime period - Patrice Bergeron wins face-off versus Tim Stutzle in neutral zone.
0:22 of 1st overtime period - Shot by Patrice Bergeron.
0:22 of 1st overtime period - Shot Misses the Net.
0:40 of 1st overtime period - Shot by Jeff Skinner.
0:40 of 1st overtime period - Stopped by Samuel Ersson without a rebound.
0:41 of 1st overtime period - Brock Nelson wins face-off versus Max Pacioretty in Avalanche zone.
1:00 of 1st overtime period - Shot by Max Pacioretty.
1:00 of 1st overtime period - Shot Misses the Net.
1:13 of 1st overtime period - Icing by Travis Sanheim.
1:14 of 1st overtime period - Max Pacioretty wins face-off versus Patrice Bergeron in Avalanche zone.
1:37 of 1st overtime period - Shot by Patrice Bergeron.
1:37 of 1st overtime period - Shot Misses the Net.
1:39 of 1st overtime period - Shot by Patrice Bergeron.
1:39 of 1st overtime period - Shot Blocked by Troy Terry.
1:41 of 1st overtime period - Shot by John Klingberg.
1:41 of 1st overtime period - Shot Misses the Net.
1:43 of 1st overtime period - Shot by Jeff Skinner.
1:43 of 1st overtime period - Shot Misses the Net.
1:45 of 1st overtime period - Shot by Patrice Bergeron.
1:45 of 1st overtime period - Stopped by Samuel Ersson without a rebound.
1:46 of 1st overtime period - Brock Nelson wins face-off versus Tim Stutzle in Avalanche zone.
2:34 of 1st overtime period - Icing by Vladimir Tarasenko.
2:35 of 1st overtime period - Patrice Bergeron wins face-off versus Tim Stutzle in Avalanche zone.
3:04 of 1st overtime period - Shot by Patrice Bergeron.
3:04 of 1st overtime period - Stopped by Samuel Ersson without a rebound.
3:05 of 1st overtime period - Patrice Bergeron wins face-off versus Max Pacioretty in Avalanche zone.
3:08 of 1st overtime period - Shot by Jeff Skinner.
3:08 of 1st overtime period - Shot Blocked by Travis Sanheim.
3:11 of 1st overtime period - Icing by Travis Sanheim.
3:12 of 1st overtime period - Max Pacioretty wins face-off versus Patrice Bergeron in Avalanche zone.
3:24 of 1st overtime period - Off-side.
3:25 of 1st overtime period - Patrice Bergeron wins face-off versus Tim Stutzle in neutral zone.
3:36 of 1st overtime period - Shot by Jeff Skinner.
3:36 of 1st overtime period - Shot Misses the Net.
4:00 of 1st overtime period - Icing by Colton Parayko.
4:01 of 1st overtime period - Tim Stutzle wins face-off versus Brock Nelson in Avalanche zone.
4:14 of 1st overtime period - Shot by Alex Killorn.
4:14 of 1st overtime period - Shot Misses the Net.
4:18 of 1st overtime period - Shot by Brock Nelson.
4:18 of 1st overtime period - Stopped by Samuel Ersson without a rebound.
4:19 of 1st overtime period - Brock Nelson wins face-off versus Max Pacioretty in Avalanche zone.
4:32 of 1st overtime period - Shot by Brock Nelson.
4:32 of 1st overtime period - Deflect By Alex Killorn.
4:32 of 1st overtime period - Shot Misses the Net.
Goals for this period are 0 for Lightning vs 0 for Avalanche.
Shots for this period are 4 for Lightning vs 0 for Avalanche.

ShootOut


5:00 of 1st overtime period - Round #1.
5:00 of 1st overtime period - Lightning, Patrice Bergeron.
5:00 of 1st overtime period - Stopped by Samuel Ersson.
5:00 of 1st overtime period - Avalanche, Tim Stutzle.
5:00 of 1st overtime period - Stopped by Jacob Markstrom.
5:00 of 1st overtime period - Round #2.
5:00 of 1st overtime period - Lightning, Jeff Skinner.
5:00 of 1st overtime period - Goal by Jeff Skinner.
5:00 of 1st overtime period - Avalanche, Vladimir Tarasenko.
5:00 of 1st overtime period - Stopped by Jacob Markstrom.
5:00 of 1st overtime period - Round #3.
5:00 of 1st overtime period - Lightning, Brock Nelson.
5:00 of 1st overtime period - Stopped by Samuel Ersson.
5:00 of 1st overtime period - Avalanche, Max Pacioretty.
5:00 of 1st overtime period - Stopped by Jacob Markstrom.